 Dungeon Crawl Stone Soup version 0.27.1-33-g824d729ab1 (webtiles) character file.

Game seed: 14791092630447386753

24932 jlumianski the Nimble (level 13, -19/139 HPs)
             Began as a Gnoll Monk on Dec 21, 2021.
             Was a High Priest of Hepliaklqana.
             Demolished by an orc warrior (24 damage)
             ... led by an orc warlord
             ... on level 2 of the Orcish Mines.
             The game lasted 01:24:34 (14216 turns).

jlumianski the Nimble (Gnoll Monk)                 Turns: 14216, Time: 01:24:36

Health: -19/139    AC: 17    Str: 17    XL:     13   Next: 16%
Magic:  13/25      EV: 13    Int: 10    God:    Hepliaklqana [*****.]
Gold:   942        SH:  0    Dex: 21    Spells: 22/28 levels left

rFire    . . .     SeeInvis .   Q - +11 trident of Reason {spect, rPois Str+2 Dex+6}
rCold    . . .     Faith    .   (no shield)
rNeg     . . .     Spirit   .   q - +1 chain mail
rPois    +         Reflect  .   T - +0 helmet
rElec    .         Harm     .   X - +0 cloak
rCorr    .         Rampage  .   B - +0 pair of gloves
Will     +....                  V - +0 pair of boots
Stlth    ..........             r - amulet of the acrobat
HPRegen  0.33/turn              c - ring of willpower
MPRegen  0.19/turn              A - +4 ring of slaying

@: mighty, berserking, very quick
A: reduced essence, fangs 1, strong nose, distributed training
a: Renounce Religion, Recall Ancestor, Ancestor Identity, Transference, Idealise


You were on level 2 of the Orcish Mines.
You worshipped Hepliaklqana.
Hepliaklqana was extremely pleased with you.
You visited 4 branches of the dungeon, and saw 18 of its levels.
You also visited: Sewer and Ossuary.

You collected 1180 gold pieces.
You spent 238 gold pieces at shops.

Inventory:

Hand Weapons
 I - a +3 broad axe
 Q - the +11 trident of Reason (weapon) {spect, rPois Str+2 Dex+6}
   (You bought it in a shop on level 6 of the Dungeon)

   When its wielder attacks, the weapon's spirit leaps out and strikes again.
   The spirit shares a part of any damage it takes with its wielder.
   Str:       It affects your strength (+2).
   Dex:       It affects your dexterity (+6).
   rPois:     It protects you from poison.
Missiles
 h - 14 boomerangs (quivered)
 w - 37 bolts
 M - 4 curare-tipped darts
 P - 5 javelins
 U - 31 poisoned darts
Armour
 m - +0 acid dragon scales
 q - a +1 chain mail (worn)
 y - a +0 buckler
 B - a +0 pair of gloves (worn)
 T - a +0 helmet (worn)
 V - a +0 pair of boots (worn)
 X - a +0 cloak (worn)
Magical Staves
 g - a staff of earth
 u - a staff of fire
 S - a staff of cold
Jewellery
 c - a ring of willpower (left hand)
 d - a ring of poison resistance
 e - a ring of positive energy
 l - a ring of fire
 p - a ring of fire
 r - an amulet of the acrobat (around neck)
 s - a ring of protection from cold
 A - a +4 ring of slaying (right hand)
Wands
 a - a wand of iceblast (6)
 t - a wand of mindburst (14)
 x - a wand of flame (29)
 z - a wand of paralysis (12)
 D - a wand of digging (4)
 H - a wand of polymorph (9)
Scrolls
 b - a scroll of brand weapon
 C - 2 scrolls of amnesia
 J - 3 scrolls of fog
 K - a scroll of enchant weapon
 L - 3 scrolls of teleportation
 N - a scroll of silence
 Y - 3 scrolls of identify
Potions
 f - a potion of lignification
 i - a potion of berserk rage
 j - 2 potions of brilliance
 k - 8 potions of curing
 n - 4 potions of flight
 o - a potion of heal wounds
 v - a potion of ambrosia
 E - 5 potions of haste
 F - a potion of mutation
 G - 3 potions of cancellation
 O - 2 potions of might


   Skills:
 + Level 10.3 Fighting
 + Level 8.0 Short Blades
 + Level 8.0 Long Blades
 + Level 10.3 Axes
 + Level 8.0 Maces & Flails
 + Level 8.0 Polearms
 + Level 8.0 Staves
 + Level 8.0 Slings
 + Level 8.0 Bows
 + Level 8.0 Crossbows
 + Level 8.0 Throwing
 + Level 8.0 Armour
 + Level 10.3 Dodging
 + Level 9.1 Stealth
 + Level 8.0 Shields
 + Level 8.0 Unarmed Combat
 + Level 8.0 Spellcasting
 + Level 6.7 Conjurations
 + Level 6.7 Hexes
 + Level 6.7 Summonings
 + Level 6.7 Necromancy
 + Level 6.7 Translocations
 + Level 6.7 Transmutations
 + Level 6.7 Fire Magic
 + Level 6.7 Ice Magic
 + Level 6.7 Air Magic
 + Level 6.7 Earth Magic
 + Level 6.7 Poison Magic
 + Level 8.8 Invocations
 + Level 8.0 Evocations


You had 22 spell levels left.
You knew the following spells:

 Your Spells              Type           Power      Damage    Failure   Level
a - Ensorcelled Hibernat  Hex/Ice        34%        N/A       19%         2
b - Poisonous Vapours     Pois/Air       34%        N/A       19%         2
c - Blink                 Tloc           N/A        N/A       19%         2

Your spell library contained the following spells:

 Spells                   Type           Power      Damage    Failure   Level
 Animate Skeleton         Necr           34%        N/A       12%         1
 Pain                     Necr           68%        1d7       12%         1
 Summon Small Mammal      Summ           68%        N/A       12%         1
 Corpse Rot               Necr/Air       N/A        N/A       19%         2
 Call Canine Familiar     Summ           17%        N/A       34%         3
 Summon Guardian Golem    Hex/Summ       17%        N/A       34%         3
 Vampiric Draining        Necr           8%         2d7       34%         3
 Borgnjor's Vile Clutch   Necr/Erth      8%         N/A       97%         5
 Freezing Cloud           Conj/Ice/Air   8%         6-21      97%         5
 Manifold Assault         Tloc           17%        N/A       97%         5
 Dispersal                Tloc           8%         N/A       100%        6
 Simulacrum               Ice/Necr       8%         N/A       100%        6
 Haunt                    Necr/Summ      8%         N/A       100%        7
 Storm Form               Tmut/Air       8%         N/A       100%        7
 Disjunction              Tloc           8%         N/A       100%        8


Dungeon Overview and Level Annotations

Branches:
Dungeon (14/15)            Temple (1/1) D:4            Lair (1/6) D:9
    Orc (2/2) D:12            Elf (0/3) Orc:2        Vaults (0/5) D:14
  Sewer (visited)         Ossuary (visited)

Altars:
Ashenzari
Dithmenos
Fedhas
Hepliaklqana
Kikubaaqudgha
Makhleb
Nemelex Xobeh
Qazlal
Ru
Trog
Uskayaw
Vehumet
Wu Jian
Xom
Zin
Lugonu

Shops:
D:6 (   D:8 [   D:11 *

Annotations:
D:7 1 runed translucent door, vvl's ghost, novice TrFi
D:8 2 transporters, Powertoast's ghost, novice TrTm
D:11 1 runed translucent door
D:14 Rupert
Orc:1 Jorgrun


Innate Abilities, Weirdness & Mutations

Your life essence is reduced to manifest your ancestor. (-10% HP)
You have very sharp teeth.
Your uncanny sense of smell can sniff out nearby items.
Your experience applies equally to all skills.


Message History

You puncture the orc warlord! You punch the orc warlord!
The orc warlord is almost dead.
Your +11 trident of Reason {spect, rPois Str+2 Dex+6} hits the orc warlord from afar.
The orc wizard closely misses your +11 trident of Reason {spect, rPois Str+2 Dex+6}.
The orc warlord completely misses you. The troll closely misses you.
The troll claws you but does no damage. x2; The troll bites you!
* * * LOW HITPOINT WARNING * * *
The troll closely misses you. The troll claws you but does no damage.
You impale the orc warlord!!
You kill the orc warlord!
The orc warrior closely misses you.
The orc warrior hits you from afar with a +0 trident!
* * * LOW HITPOINT WARNING * * *
Mirko hits the troll with a +0 quarterstaff!
Your life force feels restored.
Your Short Blades skill increases to level 8!
Your Long Blades skill increases to level 8!
Your Maces & Flails skill increases to level 8!
Your Polearms skill increases to level 8!
Your Staves skill increases to level 8!
Your Slings skill increases to level 8!
Your Bows skill increases to level 8!
Your Crossbows skill increases to level 8!
Your Throwing skill increases to level 8!
Your Armour skill increases to level 8!
Your Shields skill increases to level 8!
Your Unarmed Combat skill increases to level 8!
Your Spellcasting skill increases to level 8!
Your Evocations skill increases to level 8!
You impale the troll!!
The troll is almost dead.
Your +11 trident of Reason {spect, rPois Str+2 Dex+6} barely misses the troll.
The troll bites you.
* * * LOW HITPOINT WARNING * * *
The troll claws you but does no damage. x2; The troll barely misses you.
The troll closely misses you. The troll completely misses you.
The orc warrior hits your +11 trident of Reason {spect, rPois Str+2 Dex+6} with a +0 flail!
Your spectral weapon shares its damage with you!
* * * LOW HITPOINT WARNING * * *
The orc warrior hits you from afar with a +0 trident!!
You die...

#### .....#.#. #..###
##......... #....# ..#.#....
##..##### ####.......##
##.......# #.##..o.#...#
#........## #....o..#..#
..........####..o.oo....###
...............Too........##
..........).รท..(@To........##
...))....)[[[<.[R#..........##
...)##....))[..#####..<......#
..####.........# ##..[.......
...##....).....####..........#
............................##
...........................##
...........#..............##
.........###.............##


You could see the friendly Mirko the battlemage, 2 trolls, 4 orc warriors, an
orc wizard (strong), 3 orcs and a friendly +11 trident of Reason {spect, rPois
Str+2 Dex+6} (summoned).

Vanquished Creatures
  An orc warlord (Orc:2)
  Erolcha (D:9)
  A boulder beetle (D:13)
  6 two-headed ogres
  A catoblepas (D:13)
  3 tengu warriors
  Sonja (Orc:1)
  A deep elf pyromancer (D:13)
  4 manticores
  2 ugly things (D:13)
  A cyclops (D:11)
  An unseen horror (D:13)
  3 tengu conjurers
  Grinder (D:6)
  A troll (D:13)
  4 slime creatures (D:14)
  A shadow (D:11)
  A human (D:14)
  A wyvern (D:10)
  5 vampire mosquitoes
  3 wargs
  2 water moccasins
  8 orc warriors
  Purgy (Sewer)
  2 centaurs
  A phantom (D:4)
  2 kobold brigands
  Blork the orc (D:6)
  A gnoll sergeant (D:7)
  A bullfrog (D:9)
  A scorpion (D:5)
  A water moccasin skeleton (D:5)
  11 killer bees
  A howler monkey (D:8)
  2 electric eels (D:9)
  4 centaur zombies
  A bullfrog zombie (D:6)
  3 jellies
  A gnoll shaman (D:5)
  10 orc priests
  2 hounds
  A bullfrog skeleton (D:4)
  11 orc wizards
  A killer bee zombie (D:7)
  4 mummies (Ossuary)
  2 howler monkey zombies (D:7)
  5 gnolls
  5 adders
  2 river rats (D:5)
  3 white imps
  An ufetubus (D:4)
  A worm (D:3)
  28 orcs
  13 ball pythons
  2 endoplasms (D:1)
  3 giant cockroaches
  4 hobgoblins
  2 jackals (D:4)
  3 bats
  4 frilled lizards
  7 goblins
  3 hobgoblin zombies (Ossuary)
  7 kobolds
  6 rats
217 creatures vanquished.

Vanquished Creatures (collateral kills)
  2 hydras
  A cane toad (shapeshifter) (D:14)
  A yaktaur (shapeshifter) (D:13)
  2 trolls (D:12)
  2 slime creatures (D:14)
  A wraith (D:6)
  4 vampire mosquitoes
  A warg (D:9)
  Edmund (D:5)
  2 orc warriors
  An ogre (D:5)
  2 centaurs
  A bullfrog (D:7)
  A scorpion (D:5)
  A water moccasin skeleton (D:6)
  A killer bee (D:8)
  An electric eel (D:9)
  4 centaur zombies
  2 jellies
  A centaur skeleton (D:6)
  2 orc priests
  An iguana (D:4)
  4 orc wizards
  A hound skeleton (D:5)
  A mummy (Ossuary)
  A howler monkey zombie (D:6)
  An adder (Sewer)
  2 gnolls
  A worm (D:5)
  11 orcs
  A hobgoblin (D:4)
  5 kobolds
  2 frilled lizards (Sewer)
  A hobgoblin zombie (Ossuary)
66 creatures vanquished.

Vanquished Creatures (others)
  9 battlemagi
  A fungus (Lair:1)
  11 plants
21 creatures vanquished.

Grand Total: 304 creatures vanquished

Notes
Turn   | Place    | Note
-------+----------+-------------------------------------------
     0 | D:1      | jlumianski the Gnoll Monk began the quest for the Orb.
     0 | D:1      | Reached XP level 1. HP: 23/23 MP: 1/1
   143 | D:1      | Reached XP level 2. HP: 27/29 MP: 2/2
   295 | D:1      | Found a faded altar of an unknown god.
   497 | D:1      | Reached XP level 3. HP: 35/35 MP: 3/3
   741 | D:2      | Reached skill level 1 in Invocations
  1098 | D:2      | Reached skill level 1 in Short Blades
  1098 | D:2      | Reached skill level 1 in Long Blades
  1098 | D:2      | Reached skill level 1 in Maces & Flails
  1098 | D:2      | Reached skill level 1 in Polearms
  1098 | D:2      | Reached skill level 1 in Staves
  1098 | D:2      | Reached skill level 1 in Slings
  1098 | D:2      | Reached skill level 1 in Bows
  1098 | D:2      | Reached skill level 1 in Crossbows
  1098 | D:2      | Reached skill level 1 in Throwing
  1098 | D:2      | Reached skill level 1 in Armour
  1098 | D:2      | Reached skill level 1 in Shields
  1098 | D:2      | Reached skill level 1 in Unarmed Combat
  1098 | D:2      | Reached skill level 1 in Spellcasting
  1098 | D:2      | Reached skill level 1 in Evocations
  1098 | D:2      | Reached XP level 4. HP: 41/41 MP: 5/5
  1566 | D:3      | Found a sparkling altar of Nemelex Xobeh.
  1674 | D:3      | Reached skill level 1 in Conjurations
  1674 | D:3      | Reached skill level 1 in Hexes
  1674 | D:3      | Reached skill level 1 in Summonings
  1674 | D:3      | Reached skill level 1 in Necromancy
  1674 | D:3      | Reached skill level 1 in Translocations
  1674 | D:3      | Reached skill level 1 in Transmutations
  1674 | D:3      | Reached skill level 1 in Fire Magic
  1674 | D:3      | Reached skill level 1 in Ice Magic
  1674 | D:3      | Reached skill level 1 in Air Magic
  1674 | D:3      | Reached skill level 1 in Earth Magic
  1674 | D:3      | Reached skill level 1 in Poison Magic
  2002 | D:3      | Reached XP level 5. HP: 47/47 MP: 6/6
  2218 | D:3      | Noticed a water moccasin
  2226 | D:3      | Killed a water moccasin
  2745 | D:4      | Reached XP level 6. HP: 53/53 MP: 8/8
  3346 | D:4      | Found a staircase to the Ecumenical Temple.
  3359 | Temple   | Entered the Ecumenical Temple
  3492 | Temple   | Became a worshipper of Hepliaklqana the Forgotten
  3492 | Temple   | Reached * piety under Hepliaklqana
  3492 | Temple   | Reached ** piety under Hepliaklqana
  3867 | D:4      | Reached XP level 7. HP: 40/53 MP: 10/10
  3984 | D:4      | Found a shimmering altar of Xom.
  4258 | D:5      | Entered Level 5 of the Dungeon
  4510 | D:5      | Found a sand-covered staircase.
  4517 | Ossuary  | Entered an ossuary
  4525 | Ossuary  | Reached skill level 5 in Stealth
  4681 | Ossuary  | Reached XP level 8. HP: 50/60 MP: 12/12
  4834 | D:5      | Found a glowing drain.
  4865 | Sewer    | Entered a sewer
  4921 | Sewer    | Remembered your ancestor Mirko as a battlemage
  4998 | Sewer    | Noticed Purgy
  5006 | Sewer    | Killed Purgy
  5237 | D:5      | Noticed Edmund
  5241 | D:5      | Killed Edmund
  5888 | D:6      | Noticed Blork the orc
  5974 | D:6      | Killed Blork the orc
  6021 | D:6      | Noticed a wraith
  6025 | D:6      | Noticed Grinder
  6032 | D:6      | Killed a wraith
  6033 | D:6      | Reached XP level 9. HP: 53/65 MP: 14/14
  6057 | D:6      | Killed Grinder
  6209 | D:6      | Found a sacrificial altar of Ru.
  6352 | D:6      | Found Eduuhum's Antique Weapon Shop.
  6352 | D:6      | Noticed a two-headed ogre
  6362 | D:6      | Killed a two-headed ogre
  6385 | D:6      | Bought a pitted trident for 238 gold pieces
  6385 | D:6      | Identified the +11 trident of Reason {spect, rPois Str+2
                  | Dex+6} (You bought it in a shop on level 6 of the Dungeon)
  6540 | D:7      | Found a burning altar of Makhleb.
  6547 | D:6      | Reached skill level 5 in Invocations
  6632 | D:7      | Reached *** piety under Hepliaklqana
  6804 | D:7      | Found a runed translucent door.
  6807 | D:7      | Noticed vvl's ghost (novice TrFi)
  6957 | D:7      | Reached XP level 10. HP: 71/72 MP: 17/17
  7231 | D:7      | Identified the +3 battleaxe of Grandeur {vorpal, Dex+5}
  7522 | D:8      | Reached skill level 5 in Short Blades
  7522 | D:8      | Reached skill level 5 in Long Blades
  7522 | D:8      | Reached skill level 5 in Maces & Flails
  7522 | D:8      | Reached skill level 5 in Polearms
  7522 | D:8      | Reached skill level 5 in Staves
  7522 | D:8      | Reached skill level 5 in Slings
  7522 | D:8      | Reached skill level 5 in Bows
  7522 | D:8      | Reached skill level 5 in Crossbows
  7522 | D:8      | Reached skill level 5 in Throwing
  7522 | D:8      | Reached skill level 5 in Armour
  7522 | D:8      | Reached skill level 5 in Shields
  7522 | D:8      | Reached skill level 5 in Unarmed Combat
  7522 | D:8      | Reached skill level 5 in Spellcasting
  7522 | D:8      | Reached skill level 5 in Evocations
  7549 | D:8      | Noticed a two-headed ogre
  7565 | D:8      | Killed a two-headed ogre
  7644 | D:8      | Found a bloodstained altar of Trog.
  7647 | D:8      | Found a stormy altar of Qazlal.
  7835 | D:8      | Got the Handbook of Glacial Evil
  7858 | D:8      | Found a transporter.
  7896 | D:8      | Found a transporter.
  7896 | D:8      | Noticed Powertoast's ghost (novice TrTm)
  7939 | D:8      | Found a hide-covered altar of Uskayaw.
  8240 | D:8      | Reached **** piety under Hepliaklqana
  8509 | D:8      | Found Odiwnituaz's Antique Armour Boutique.
  8854 | D:9      | Noticed Erolcha
  8920 | D:9      | Killed Erolcha
  8936 | D:9      | Noticed a tengu warrior
  8945 | D:9      | Killed a tengu warrior
  8946 | D:9      | Reached XP level 11. HP: 31/78 MP: 19/19
  9189 | D:9      | Found a staircase to the Lair.
  9720 | D:10     | Entered Level 10 of the Dungeon
  9855 | D:10     | Reached skill level 5 in Conjurations
  9855 | D:10     | Reached skill level 5 in Hexes
  9855 | D:10     | Reached skill level 5 in Summonings
  9855 | D:10     | Reached skill level 5 in Necromancy
  9855 | D:10     | Reached skill level 5 in Translocations
  9855 | D:10     | Reached skill level 5 in Transmutations
  9855 | D:10     | Reached skill level 5 in Fire Magic
  9855 | D:10     | Reached skill level 5 in Ice Magic
  9855 | D:10     | Reached skill level 5 in Air Magic
  9855 | D:10     | Reached skill level 5 in Earth Magic
  9855 | D:10     | Reached skill level 5 in Poison Magic
  9946 | Lair:1   | Entered Level 1 of the Lair of Beasts
  9946 | Lair:1   | Noticed an eight-headed hydra
  9972 | D:9      | Learned a level 2 spell: Ensorcelled Hibernation
  9976 | Lair:1   | Killed an eight-headed hydra
 10340 | D:11     | Noticed a cyclops
 10350 | D:11     | Killed a cyclops
 10500 | D:11     | Found Wewn's Demolitions Depot.
 10597 | D:11     | Found a runed translucent door.
 10597 | D:11     | Noticed a phantasmal warrior
 10597 | D:11     | Noticed an orc knight
 10598 | D:11     | Noticed a red ugly thing
 10601 | D:11     | Noticed a five-headed hydra
 10618 | D:11     | Reached ***** piety under Hepliaklqana
 10638 | D:11     | Noticed a two-headed ogre
 10640 | D:11     | Killed a two-headed ogre
 10640 | D:11     | Noticed a two-headed ogre
 10642 | D:11     | Killed a two-headed ogre
 10915 | D:11     | Noticed a two-headed ogre
 10921 | D:11     | Killed a two-headed ogre
 11085 | D:11     | Noticed a fire crab
 11322 | D:12     | Noticed a manticore
 11328 | D:12     | Killed a manticore
 11474 | D:12     | Noticed a two-headed ogre
 11524 | D:12     | Killed a two-headed ogre
 11603 | D:12     | Found a staircase to the Orcish Mines.
 11705 | D:12     | Reached XP level 12. HP: 79/86 MP: 22/22
 11788 | D:12     | Learned a level 2 spell: Poisonous Vapours
 12097 | D:13     | Found a corrupted altar of Lugonu.
 12305 | D:13     | Noticed a boulder beetle
 12313 | D:13     | Killed a boulder beetle
 12370 | D:13     | Noticed a four-headed hydra
 12376 | D:13     | Killed a four-headed hydra
 12609 | D:13     | Noticed a catoblepas
 12619 | D:13     | Killed a catoblepas
 12852 | D:13     | Reached skill level 10 in Fighting
 12852 | D:13     | Reached skill level 10 in Axes
 12852 | D:13     | Reached skill level 10 in Dodging
 13012 | D:14     | Learned a level 2 spell: Blink
 13109 | D:14     | Noticed Rupert
 13131 | D:14     | Found a gate to the Vaults.
 13379 | D:14     | Noticed a tengu warrior
 13380 | D:14     | Noticed a tengu warrior
 13432 | D:13     | Killed a tengu warrior
 13568 | D:14     | Killed a tengu warrior
 13569 | D:14     | Reached XP level 13. HP: 83/92 MP: 24/24
 13670 | D:14     | Found a sparkling altar of Nemelex Xobeh.
 13820 | Orc:1    | Entered Level 1 of the Orcish Mines
 13834 | Orc:1    | Noticed Sonja
 13841 | Orc:1    | Killed Sonja
 13893 | Orc:2    | Entered Level 2 of the Orcish Mines
 13893 | Orc:2    | Found a staircase to the Elven Halls.
 13913 | Orc:1    | Noticed an orc warlord
 14152 | Orc:2    | Noticed an orc warlord
 14202 | Orc:1    | Noticed Jorgrun
 14206 | Orc:2    | HP: 4/90 [orc wizard/magic dart[an orc warlord] (5)]
 14215 | Orc:2    | Killed an orc warlord
 14216 | Orc:2    | HP: 5/139 [orc warrior[an orc warlord] (3)]
 14216 | Orc:2    | Demolished by an orc warrior

Illustrated notes

Levels and vault maps discovered:
D:1:      psy_arrival_dodecagon, layout_basic,
          hellmonk_ecumenical_altar_crossroads
D:2:      layout_basic, chequers_serial_rivers_marsh
D:3:      layout_basic, lemuel_doored_altar
D:4:      layout_basic, lemuel_tele_altar, minmay_temple_entry_grid,
          kennysheep_nub
D:5:      layout_basic, portal_sewer_entry_a,
          lightli_ossuary_entry_decrepit_ruins, uniq_edmund
D:6:      layout_rooms, nicolae_ru_sacrificial_ziggurat, serial_shops, shop,
          uniq_grinder, uniq_blork_the_orc
D:7:      layout_rooms, bloody_makhleb, ebering_ghost_inner_flame
D:8:      layout_loops_corners, nicolae_uskayaw_murder_on_the_dancefloor,
          minitemple, gammafunk_ghost_stat_death, nicolae_stop_n_shop_1,
          roderic_lattice_a
D:9:      layout_loops_ring, erik_lair_orcish_takeover, serial_bayou,
          serial_bayou_pond_e, serial_bayou_ford_a, serial_bayou_pond_c,
          serial_bayou_pond_e, uniq_erolcha
D:10:     layout_basic, mainiacjoe_overflow_catwalk_spiral,
          dk_yredelemnul_ordeal
D:11:     layout_stronghold, gauntlet_entry_generic, minmay_st_funbox,
          nicolae_blasting_shop
D:12:     layout_basic, david_orc_2
D:13:     layout_irregular_city, tgw_lugonu_bribe
D:14:     layout_long_grid, david_vaults_3, nemelex_diamond_rough_becter,
          hangedman_cracks_in_the_wall
Temple:   minmay_temple_forest_path
Lair:1:   layout_regular_city, st_stairs_6, hangedman_lair_unloving_vines,
          worms_lemuel, lemuel_fruit_fields, serial_bayou_shore_b,
          uniq_gastronok
Orc:1:    layout_caves, uniq_jorgrun, uniq_sonja
Orc:2:    st_orc_elflike, layout_diamond_mine, special_room

Skill      XL: |  1  2  3  4  5  6  7  8  9 10 11 12 13 |
---------------+----------------------------------------+-----
Invocations    | 1 2 3 4 5 6 7 8 |  8.8
Short Blades   | 1 2 3 4 5 6 7 8 |  8.0
Long Blades    | 1 2 3 4 5 6 7 8 |  8.0
Maces & Flails | 1 2 3 4 5 6 7 8 |  8.0
Polearms       | 1 2 3 4 5 6 7 8 |  8.0
Staves         | 1 2 3 4 5 6 7 8 |  8.0
Slings         | 1 2 3 4 5 6 7 8 |  8.0
Bows           | 1 2 3 4 5 6 7 8 |  8.0
Crossbows      | 1 2 3 4 5 6 7 8 |  8.0
Throwing       | 1 2 3 4 5 6 7 8 |  8.0
Armour         | 1 2 3 4 5 6 7 8 |  8.0
Shields        | 1 2 3 4 5 6 7 8 |  8.0
Unarmed Combat | 1 2 3 4 5 6 7 8 |  8.0
Spellcasting   | 1 2 3 4 5 6 7 8 |  8.0
Evocations     | 1 2 3 4 5 6 7 8 |  8.0
Conjurations   | 1 2 3 4 5 6 |  6.7
Hexes          | 1 2 3 4 5 6 |  6.7
Summonings     | 1 2 3 4 5 6 |  6.7
Necromancy     | 1 2 3 4 5 6 |  6.7
Translocations | 1 2 3 4 5 6 |  6.7
Transmutations | 1 2 3 4 5 6 |  6.7
Fire Magic     | 1 2 3 4 5 6 |  6.7
Ice Magic      | 1 2 3 4 5 6 |  6.7
Air Magic      | 1 2 3 4 5 6 |  6.7
Earth Magic    | 1 2 3 4 5 6 |  6.7
Poison Magic   | 1 2 3 4 5 6 |  6.7
Fighting       | 7 8 9 10 | 10.3
Axes           | 7 8 9 10 | 10.3
Dodging        | 7 8 9 10 | 10.3
Stealth        | 5 6 7 8 9 |  9.1

Action                   |  1- 3 |  4- 6 |  7- 9 | 10-12 | 13-15 || total
-------------------------+-------+-------+-------+-------+-------++-------
Melee: Hand axe          |    63 |    53 |       |       |       ||   116
       Bite              |     6 |    11 |    12 |    22 |       ||    51
       War axe           |       |    69 |    72 |       |       ||   141
       Punch             |       |       |     3 |     4 |     3 ||    10
       Flail             |       |       |    45 |       |       ||    45
       Trident           |       |       |    20 |   184 |    28 ||   232
Throw: Boomerang         |    12 |    11 |    22 |    36 |     7 ||    88
       Dart              |       |       |       |     5 |       ||     5
 Cast: Ensorcelled Hiber |       |       |       |     3 |       ||     3
       Poisonous Vapours |       |       |       |     2 |     3 ||     5
       Blink             |       |       |       |       |     1 ||     1
Invok: Ancestor Life: Ba |       |       |     1 |       |       ||     1
       Recall Ancestor   |       |       |       |       |     1 ||     1
       Idealise          |       |       |       |       |     1 ||     1
Evoke: Wand              |       |       |     1 |     1 |       ||     2
  Use: Scroll            |     1 |    10 |    11 |     7 |       ||    29
       Potion            |       |     1 |     1 |     1 |     5 ||     8
 Stab: Sleeping          |     2 |       |       |       |     1 ||     3
       Distracted        |       |     1 |     4 |    11 |       ||    16
Armor: Robe              |     4 |       |       |       |       ||     4
       Scale mail        |     9 |       |       |       |       ||     9
       Chain mail        |       |    46 |    94 |    73 |    15 ||   228
Dodge: Dodged            |    35 |    38 |   104 |    96 |    27 ||   300
